 Dungeon Crawl Stone Soup version 0.27-a0-1184-ge86db4a01e (webtiles) character file.

Game seed: 4909554716220720726

18 chippings the Cudgeller (level 2, 0/23 HPs)
             Began as a Mummy Gladiator on May 18, 2021.
             Slain by a ball python (1 damage)
             ... on level 1 of the Dungeon.
             The game lasted 00:00:34 (277 turns).

chippings the Cudgeller (Mummy Gladiator)            Turns: 277, Time: 00:00:35

Health: 0/23       AC:  4    Str: 17    XL:     2   Next: 48%
Magic:  2/2        EV:  9    Int:  7    God:
Gold:   0          SH:  0    Dex: 13    Spells: 1/1 levels left

rFire    x . .     SeeInvis .   a - +0 flail
rCold    + . .     Faith    .   (no shield)
rNeg     + + +     Spirit   .   b - +0 leather armour
rPois    ∞         Reflect  .   c - +0 helmet
rElec    .         Harm     .   (no cloak)
rCorr    .         Rampage  .   (no gloves)
Will     .....                  (no boots)
Stlth    +.........             (no amulet)
HPRegen  0.07/turn              (no ring)
MPRegen  0.08/turn              (no ring)

@: constricted
A: cold resistance 1, negative energy resistance 3, torment resistance 2, heat
vulnerability 1, no potions
a: no special abilities


You were on level 1 of the Dungeon.
You visited 1 branch of the dungeon, and saw 1 of its levels.

Inventory:

Hand Weapons
 a - a +0 flail (weapon)
Missiles
 d - 3 throwing nets (quivered)
Armour
 b - a +0 leather armour (worn)
 c - a +0 helmet (worn)


   Skills:
 + Level 2.3 Fighting
 * Level 3.0 Maces & Flails
 - Level 1.5 Throwing
 - Level 2.4 Dodging


You had one spell level left.
You didn't know any spells.
Your spell library was empty.

Dungeon Overview and Level Annotations

Branches:
Dungeon (1/15)

Altars:


Innate Abilities, Weirdness & Mutations

You are immune to poison.
Your flesh is cold resistant. (rC+)
You are immune to negative energy. (rN+++)
You are immune to unholy pain and torment.
You are vulnerable to heat. (rF-)
You do not drink.


Message History

The quokka bites you but does no damage.
A ball python comes into view.
The quokka bites you.
You closely miss the quokka.
The ball python hisses angrily.
The quokka bites you.
* * * LOW HITPOINT WARNING * * *
You hit the quokka.
You kill the quokka!
Your Maces & Flails skill increases to level 3!
You barely miss the goblin. The goblin hits you but does no damage.
You barely miss the goblin. The goblin barely misses you.
The ball python bites you but does no damage.
The ball python barely misses you.
You hit the goblin.
You kill the goblin!
The ball python closely misses you. The ball python grabs you.
The ball python constricts you.
The quokka bites you but does no damage.
The ball python barely misses you.
* * * LOW HITPOINT WARNING * * *
The ball python constricts you.
You hit the quokka.
The quokka is almost dead.
The ball python bites you but does no damage.
The ball python constricts you.
The quokka bites you but does no damage.
You closely miss the quokka.
The quokka is severely wounded.
The quokka bites you.
* * * LOW HITPOINT WARNING * * *
The ball python bites you.
* * * LOW HITPOINT WARNING * * *
x2 The ball python constricts you.
The quokka closely misses you.
The ball python bites you but does no damage.
The ball python constricts you.
You sock the quokka!
You kill the quokka!
The ball python barely misses you.
You die...

##..........####...###..
######.#######....#
##### #..... #..#..##
.....
#.....###.##...##.....
..........##.#........
.........††..........
.....#...##..........
#########......(......
#...S@).......#.......
#....###.##.###.......
...............†........
#.#....###.##.###.......
....... #.##.........?.
.....## #.######.......
.#..# #.# #....... ....
#.# #....... #.......


You could see a ball python.

Vanquished Creatures
  A dart slug (D:1)
  A giant cockroach (D:1)
  A hobgoblin (D:1)
  7 jackals (D:1)
  2 quokkas (D:1)
  A ball python (D:1)
  A goblin (D:1)
  A rat (D:1)
15 creatures vanquished.

Notes
Turn   | Place    | Note
-------+----------+-------------------------------------------
     0 | D:1      | chippings the Mummy Gladiator began the quest for the Orb.
     0 | D:1      | Reached XP level 1. HP: 16/16 MP: 1/1
   229 | D:1      | Reached XP level 2. HP: 14/22 MP: 2/2
   272 | D:1      | Reached skill level 3 in Maces & Flails
   276 | D:1      | HP: 1/23 [ball python (1)]
   277 | D:1      | Slain by a ball python

Illustrated notes

Levels and vault maps discovered:
D:1:      wander_arrival_chamber, layout_rooms, minmay_misc_feat_five

Skill      XL: |  1  2 |
---------------+-------+-----
Maces & Flails | 3 |  3.0
Fighting       | |  2.3
Throwing       | |  1.5
Dodging        | |  2.4

Action                   || total
-------------------------++-------
Melee: Flail             ||    49
Armor: Leather armour    ||    22
Dodge: Dodged            ||    55

Table legend: (Time is in decaauts)
 A = Elapsed time spent in this place.
 B = Non-inter-level travel time spent in this place.
 C = Inter-level travel time spent in this place.
 D = Time resting spent in this place.
 E = Time spent auto-exploring this place.
 F = Levels seen in this place.
 G = Mean time per level.
                   A        B        C        D        E       F      G
               +--------+--------+--------+--------+--------+-----+--------+
         Total |    289 |    289 |      0 |      0 |    167 |   1 |  289.0 |
       Dungeon |    289 |    289 |      0 |      0 |    167 |   1 |  289.0 |
               +--------+--------+--------+--------+--------+-----+--------+

Top non-repeatable levels by time:
     D:1: 289 daAuts
